 Dungeon Crawl Stone Soup version 0.23.2-30-g0e89c35649 (webtiles) character file.

Game seed: 13501648935050741326

32484 Gartch the Brawler (level 13, -13/127 HPs)
             Began as a Troll Arcane Marksman on May 21, 2019.
             Was a High Priest of Okawaru.
             Mangled by Donald
             ... wielding a +2 demon trident of venom
              (42 damage)
             ... on level 2 of the Orcish Mines on June 14, 2019.
             The game lasted 02:26:35 (20512 turns).

Gartch the Brawler (Troll Arcane Marksman)         Turns: 20512, Time: 02:26:36

Health: -13/127    AC:  7    Str: 21    XL:     13   Next: 31%
Magic:  10/16      EV: 18    Int:  9    God:    Okawaru [*****.]
Gold:   1565       SH:  0    Dex: 14    Spells: 14/14 levels left

rFire    . . .     SeeInvis .     - Unarmed
rCold    . . .     Gourm    +   (no shield)
rNeg     . . .     Faith    .   R - +1 robe {MR+}
rPois    .         Spirit   .   (helmet restricted)
rElec    .         Reflect  .   y - scarf {repulsion}
rCorr    .         Harm     .   (gloves unavailable)
MR       +....                  (boots unavailable)
Stlth    +++++.....             T - amulet of magic regeneration
HPRegen  0.71/turn              e - ring of stealth
MPRegen  0.40/turn              J - ring of stealth

@: lethally poisoned (-13 -> -67), heroism, finesse, repel missiles
A: large, unfitting armour, claws 3, fast metabolism 3, gourmand, regeneration
1, shaggy fur 1, tough skin 3
a: Heroism, Finesse, Renounce Religion


You were on level 2 of the Orcish Mines.
You worshipped Okawaru.
Okawaru was extremely pleased with you.
You were completely stuffed.

You visited 4 branches of the dungeon, and saw 20 of its levels.
You also visited: Gauntlet.

You collected 1565 gold pieces.

Inventory:

Missiles
 c - 10 large rocks (quivered)
 d - 2 throwing nets
 I - 3 javelins of penetration
 K - 6 javelins of returning
Armour
 y - a scarf of repulsion (worn)
 A - a +0 large shield
 O - a +2 robe of fire resistance
 R - a +1 robe of magic resistance (worn)
Jewellery
 e - a ring of stealth (left claw)
 H - an uncursed ring of protection from cold
 J - a ring of stealth (right claw)
 T - an amulet of magic regeneration (around neck)
Wands
 g - a wand of paralysis (17)
 s - a wand of random effects (39)
 u - a wand of polymorph (4)
 C - a wand of acid (25)
 E - a wand of iceblast (29)
Scrolls
 a - 2 scrolls of identify
 b - 9 scrolls of teleportation
 i - 2 scrolls of enchant weapon
 j - 5 scrolls of remove curse
 l - a scroll of fog
 m - 3 scrolls of enchant armour
 o - 3 scrolls of random uselessness
 p - a scroll of noise {unknown}
 q - 4 scrolls of magic mapping
 r - 3 scrolls of amnesia
 v - 2 scrolls of immolation {unknown}
 w - a scroll of fear {unknown}
 Q - a scroll of blinking {unknown}
 S - a scroll of torment {unknown}
Potions
 h - 3 potions of curing
 k - a potion of agility
 t - a potion of flight
 x - 2 potions of might
 z - 5 potions of mutation
 B - 2 potions of cancellation
 D - 2 potions of degeneration
 F - 2 potions of brilliance
 G - a potion of magic
 P - a potion of haste
Miscellaneous
 L - a fan of gales
 M - a fan of gales
 N - a sack of spiders
Comestibles
 f - 38 rations
 U - 2 chunks of flesh


   Skills:
 - Level 8.0(13.0) Fighting
 - Level 6.3(11.3) Throwing
 - Level 8.0(13.0) Dodging
 + Level 15.5(20.5) Unarmed Combat
 - Level 1.0 Spellcasting
   Level 2.0 Hexes
 - Level 6.2 Invocations


You had 14 spell levels left.
You didn't know any spells.
Your spell library contained the following spells:

 Spells                   Type           Power        Failure   Level  Hunger
 Corona                   Hex            #......      16%         1    ##.....
 Slow                     Hex            #.......     24%         2    ###....
 Apportation              Tloc           #.....       36%         1    ##.....
 Flame Tongue             Conj/Fire      #....        36%         1    ##.....
 Magic Dart               Conj           #...         36%         1    ##.....
 Sandblast                Erth           #.....       36%         1    ##.....
 Summon Butterflies       Summ           #.......     36%         1    ##.....
 Ensorcelled Hibernation  Hex/Ice        #.....       36%         2    ###....
 Confuse                  Hex            #.......     43%         3    ####...
 Tukima's Dance           Hex            #.......     43%         3    ####...
 Blink                    Tloc           N/A          50%         2    ###....
 Call Imp                 Summ           #.......     50%         2    ###....
 Passwall                 Tmut/Erth      #.......     50%         2    ###....
 Throw Flame              Conj/Fire      #.....       50%         2    ###....
 Dazzling Spray           Conj/Hex       #.....       58%         3    ####...
 Inner Flame              Hex/Fire       #.......     58%         3    ####...
 Portal Projectile        Hex/Tloc       #.....       58%         3    ####...
 Conjure Flame            Conj/Fire      #.......     73%         3    ####...
 Lesser Beckoning         Tloc           #.........   73%         3    ####...
 Mephitic Cloud           Conj/Pois/Air  #.......     73%         3    ####...
 Spider Form              Tmut/Pois      #.........   73%         3    ####...
 Stone Arrow              Conj/Erth      #.....       73%         3    ####...
 Cause Fear               Hex            #.........   85%         4    #####..
 Leda's Liquefaction      Hex/Erth       #.........   94%         4    #####..
 Petrify                  Tmut/Erth      #.......     98%         4    #####..
 Sticky Flame             Conj/Fire      #.......     98%         4    #####..
 Alistair's Intoxication  Tmut/Pois      #.......     100%        5    ######.
 Fireball                 Conj/Fire      #.........   100%        5    ######.
 Lee's Rapid Deconstruct  Erth           #.........   100%        5    ######.
 Silence                  Hex/Air        #.........   100%        5    ######.
 Yara's Violent Unravell  Hex/Tmut       #.........   100%        5    ######.
 Deflect Missiles         Chrm/Air       #.........   100%        6    #######
 Hydra Form               Tmut           #.........   100%        6    #######
 Invisibility             Hex            #.......     100%        6    #######
 Malign Gateway           Summ/Tloc      #.........   100%        7    #######
 Monstrous Menagerie      Summ           #.........   100%        7    #######
 Summon Greater Demon     Summ           #.........   100%        7    #######
 Discord                  Hex            #.........   100%        8    #######
 Summon Horrible Things   Summ           #.........   100%        8    #######


Dungeon Overview and Level Annotations

Branches:
Dungeon (11/15)            Temple (1/1) D:6            Lair (6/6) D:11
  Swamp (0/4) Lair:4       Spider (0/4) Lair:2          Orc (2/2) D:11
  Slime: Lair:5-6       Elf: Orc:2

Altars:
Ashenzari
Cheibriados
Dithmenos
Elyvilon
Fedhas
Gozag
Hepliaklqana
Kikubaaqudgha
Makhleb
Nemelex Xobeh
Okawaru
Qazlal
Ru
Sif Muna
Trog
Uskayaw
Vehumet
Wu Jian
Xom
Yredelemnul
Zin
The Shining One

Shops:
D:9 [

Annotations:
D:5 1 runed translucent door, funkygono's ghost, amateur DsIE
D:7 exclusion: 2 doors
D:8 Erica
D:11 Fannar
Lair:1 exclusion: 4 oklob plants
Lair:4 exclusion: hydra
Lair:6 Sonja
Orc:1 exclusion: downstairs
Orc:2 Donald


Innate Abilities, Weirdness & Mutations

You are too large for most types of armour.
You have claws for hands.
Your metabolism is lightning-fast.
You like to eat raw meat.
Your natural rate of healing is unusually fast.
You are covered in fur. (AC +1)
You have extremely tough skin. (AC +3)


Message History

You are poisoned.
You can now deal lightning-fast blows.
You feel sick.
Donald says, "I hate complainers so much."
Donald hits you with a +2 demon trident of venom!!
You are more poisoned.
Donald blocks your attack.
You feel sick.
Donald hits you with a +2 demon trident of venom!!!
* * * LOW HITPOINT WARNING * * *
You are more poisoned.
You feel much better.
You feel extremely sick.
Donald hits you with a +2 demon trident of venom!!
* * * LOW HITPOINT WARNING * * *
You feel much better.
* * * LOW HITPOINT WARNING * * *
You feel very sick.
Donald says, "Do you think you're a hero?
I hate that."
Donald hits you with a +2 demon trident of venom!!!
You die...

...#...........#......#
......#.......#...._..#
..#...#...#...........#
..........#...#.......#
....@.........#......##
......#..... ##......##
............ #........#
............###...#...##
...........#.###@#....#
...[<..........##@...##
...)...........@...###
...#...........##.##
..###..........####
...#.....##...##
.........#...##
...#.#....#.##
....#.....######


You could see Donald.

Vanquished Creatures
  A minotaur (Gauntlet)
  A catoblepas (Gauntlet)
  Nergalle (Lair:3)
  Pikel (D:7)
  An orc knight (Orc:2)
  An orc sorcerer (Orc:1)
  5 elephants
  4 black mambas
  A molten gargoyle (Gauntlet)
  A gargoyle (Gauntlet)
  3 centaur zombies
  9 spiny frogs
  A torpor snail (Lair:4)
  A rime drake (Lair:5)
  3 komodo dragons
  2 queen bees
  3 trolls (D:11)
  A hornet (D:10)
  A polar bear (Lair:6)
  9 blink frogs (Lair:1)
  Prince Ribbit (D:7)
  2 bog bodies (Lair:4)
  3 slime creatures (D:11)
  3 hippogriffs
  A large abomination (Gauntlet)
  18 yaks
  A spriggan (D:7)
  A fire elemental (Orc:2)
  A wyvern (Lair:4)
  6 basilisks
  4 hungry ghosts
  A warg (Orc:1)
  Edmund (D:4)
  A soldier ant (D:9)
  Menkaure (D:7)
  2 swamp worms (Lair:4)
  12 water moccasins
  2 ice beasts (D:10)
  10 orc warriors
  10 porcupines
  2 sky beasts
  3 slaves (D:7)
  A black bear (D:10)
  A necrophage (D:9)
  10 ogres
  6 phantoms
  3 wolves (Lair:1)
  4 centaurs
  10 crocodiles
  A big kobold (D:11)
  6 small abominations (Gauntlet)
  10 bullfrogs
  A wyvern skeleton (D:11)
  5 scorpions
  A troll zombie (D:11)
  19 killer bees
  2 wights
  4 electric eels
  6 crimson imps
  2 jellies
  A quasit (D:9)
  5 hounds
  9 orc priests
  A bullfrog skeleton (D:7)
  2 centaur skeletons
  5 iguanas
  Ijyb (D:3)
  6 worker ants
  7 orc wizards
  5 ogre zombies (D:11)
  A hound zombie (D:9)
  2 hound skeletons (D:4)
  2 worker ant zombies
  Robin (D:4)
  9 gnolls
  8 adders
  A shadow imp (D:7)
  5 adder zombies
  6 worms
  2 dart slugs
  7 leopard geckos
  42 orcs
  6 bats
  7 giant cockroaches
  20 goblins
  10 hobgoblins
  15 jackals
  5 quokkas
  A ball python (D:3)
  10 frilled lizards
  A giant cockroach zombie (D:5)
  A goblin skeleton (D:11)
  3 goblin zombies (D:11)
  2 hobgoblin skeletons (D:11)
  2 hobgoblin zombies (D:11)
  13 kobolds
  A leopard gecko skeleton (D:6)
  4 orc skeletons (D:11)
  7 orc zombies (D:11)
  A quokka skeleton (D:4)
  A quokka zombie (D:7)
  4 rats
  A butterfly (Lair:2)
471 creatures vanquished.

Vanquished Creatures (others)
  A demonic plant (Gauntlet)
  20 fungi
  22 plants
  2 withered plants (D:5)
45 creatures vanquished.

Grand Total: 516 creatures vanquished

Notes
Turn   | Place    | Note
-------+----------+-------------------------------------------
     0 | D:1      | Gartch the Troll Arcane Marksman began the quest for the
                  | Orb.
     0 | D:1      | Reached XP level 1. HP: 18/18 MP: 1/1
    69 | D:1      | Reached skill level 1 in Unarmed Combat
   140 | D:1      | Reached XP level 2. HP: 26/26 MP: 2/2
   226 | D:1      | Reached skill level 2 in Unarmed Combat
   515 | D:1      | Reached XP level 3. HP: 32/32 MP: 3/3
   897 | D:2      | Found a shadowy altar of Dithmenos.
   938 | D:2      | Found a snail-covered altar of Cheibriados.
   995 | D:2      | Reached skill level 3 in Unarmed Combat
  1100 | D:2      | Found a stormy altar of Qazlal.
  1106 | D:2      | Found a burning altar of Makhleb.
  1442 | D:3      | Reached XP level 4. HP: 37/40 MP: 4/4
  1617 | D:3      | Reached skill level 4 in Unarmed Combat
  1849 | D:3      | Reached XP level 5. HP: 46/46 MP: 5/5
  2054 | D:3      | Noticed Ijyb
  2081 | D:3      | Killed Ijyb
  2081 | D:3      | Reached skill level 5 in Unarmed Combat
  2443 | D:4      | Noticed Robin
  2653 | D:4      | Reached XP level 6. HP: 53/54 MP: 6/6
  2774 | D:4      | Reached skill level 6 in Unarmed Combat
  3064 | D:4      | Noticed Edmund
  3206 | D:4      | Reached skill level 7 in Unarmed Combat
  3206 | D:4      | Reached XP level 7. HP: 61/61 MP: 7/7
  3423 | D:5      | Entered Level 5 of the Dungeon
  3815 | D:5      | Found a runed translucent door.
  3815 | D:5      | Noticed funkygono's ghost (amateur DsIE)
  3865 | D:5      | Reached skill level 8 in Unarmed Combat
  3919 | D:5      | Reached skill level 1 in Fighting
  4459 | D:6      | You fall through a shaft!
  4464 | D:7      | Reached XP level 8. HP: 75/75 MP: 8/8
  4542 | D:7      | Noticed Prince Ribbit
  4600 | D:7      | Reached skill level 9 in Unarmed Combat
  4847 | D:6      | Reached skill level 10 in Unarmed Combat
  5459 | D:6      | Found a staircase to the Ecumenical Temple.
  5466 | Temple   | Entered the Ecumenical Temple
  5471 | Temple   | Became a worshipper of Warmaster Okawaru
  5757 | D:7      | Reached XP level 9. HP: 70/81 MP: 9/9
  6145 | D:7      | Reached skill level 11 in Unarmed Combat
  6172 | D:7      | Reached * piety under Okawaru
  6195 | D:7      | Noticed Menkaure
  6209 | D:7      | Killed Menkaure
  6439 | D:7      | Noticed Pikel
  6550 | D:8      | Found a shimmering altar of Xom.
  6558 | D:8      | Found a sacrificial altar of Ru.
  6560 | D:8      | Found a glowing silver altar of Zin.
  6562 | D:8      | Found a radiant altar of Vehumet.
  7068 | D:8      | Noticed a two-headed ogre
  7068 | D:8      | Noticed a two-headed ogre
  7115 | D:9      | Noticed Erica
  7508 | D:4      | Killed Robin
  7577 | D:4      | Killed Edmund
  7720 | D:7      | Killed Pikel
  7720 | D:7      | Reached ** piety under Okawaru
  7720 | D:7      | Reached skill level 12 in Unarmed Combat
  7929 | D:9      | Found Ytew's Armour Shoppe.
  7941 | D:9      | Reached XP level 10. HP: 92/92 MP: 10/10
  8080 | D:9      | Noticed a two-headed ogre
  8254 | D:9      | Reached skill level 5 in Fighting
  8669 | D:9      | Reached *** piety under Okawaru
  8782 | D:7      | Killed Prince Ribbit
  8782 | D:7      | Reached skill level 13 in Unarmed Combat
  8963 | D:10     | Entered Level 10 of the Dungeon
  9067 | D:10     | Reached **** piety under Okawaru
  9067 | D:10     | Received a gift from Okawaru
  9241 | D:10     | Paralysed by a hornet for 3 turns
  9939 | D:11     | Reached skill level 5 in Dodging
 10027 | D:11     | Reached skill level 1 in Invocations
 10035 | D:11     | Found a staircase to the Lair.
 10038 | Lair:1   | Entered Level 1 of the Lair of Beasts
 10072 | Lair:1   | Reached XP level 11. HP: 85/104 MP: 11/11
 10148 | Lair:1   | Reached ***** piety under Okawaru
 10323 | Lair:1   | Received a gift from Okawaru
 10813 | Lair:1   | Reached skill level 14 in Unarmed Combat
 10920 | Lair:1   | Noticed an oklob plant
 11517 | Lair:2   | Noticed an eight-headed hydra
 11655 | Lair:2   | Found a gate leading to a gauntlet.
 11664 | Gauntlet | Entered a Gauntlet
 11664 | Gauntlet | Found a transporter.
 11675 | Gauntlet | Found a transporter.
 11677 | Gauntlet | Found a transporter.
 11681 | Gauntlet | Found a runed translucent door.
 11683 | Gauntlet | Found a runed translucent door.
 11686 | Gauntlet | Found a transporter.
 11688 | Gauntlet | Found a transporter.
 11692 | Gauntlet | Found a runed translucent door.
 11692 | Gauntlet | Found a runed translucent door.
 11697 | Gauntlet | Found a transporter.
 11706 | Gauntlet | Noticed a catoblepas
 11710 | Gauntlet | Found a runed translucent door.
 11714 | Gauntlet | Found a transporter.
 11720 | Gauntlet | Found a transporter.
 11727 | Gauntlet | Noticed a minotaur
 11733 | Gauntlet | Found a transporter.
 11733 | Gauntlet | Noticed a death drake
 11749 | Gauntlet | Found a transporter.
 11761 | Gauntlet | Found a runed translucent gate.
 11762 | Gauntlet | Found a runed translucent gate.
 11762 | Gauntlet | Found a transporter.
 11762 | Gauntlet | Found a transporter.
 11764 | Gauntlet | Found a runed translucent gate.
 11914 | Gauntlet | Found a transporter.
 12038 | Gauntlet | Noticed an orange crystal statue
 12087 | Gauntlet | Killed a catoblepas
 12087 | Gauntlet | Received a gift from Okawaru
 12087 | Gauntlet | Reached skill level 5 in Invocations
 12248 | Gauntlet | Killed a minotaur
 12283 | Gauntlet | Identified Guaff's Grimoire of Transformation and the
                  | Escort
 12298 | Lair:2   | Found a hole to the Spider Nest.
 12722 | Lair:2   | Reached XP level 12. HP: 52/118 MP: 15/15
 13326 | Lair:2   | Received a gift from Okawaru
 13816 | Lair:3   | Noticed Nergalle
 13824 | Lair:3   | Killed Nergalle
 14951 | Lair:3   | Upgraded the game from 0.23.2-1-ga50397a to
                  | 0.23.2-30-g0e89c35649
 14984 | Lair:3   | Reached skill level 15 in Unarmed Combat
 15375 | Lair:4   | Noticed a seven-headed hydra
 15513 | Lair:4   | Reached ****** piety under Okawaru
 15715 | Lair:3   | Received a gift from Okawaru
 15789 | Lair:4   | Noticed an eight-headed hydra
 16155 | Lair:4   | Found a staircase to the Swamp.
 17024 | Lair:5   | Reached XP level 13. HP: 118/127 MP: 16/16
 17090 | Lair:5   | Reached skill level 5 in Throwing
 17635 | Lair:6   | Entered Level 6 of the Lair of Beasts
 17776 | Lair:6   | Noticed Sonja
 18351 | D:11     | Noticed Fannar
 18792 | D:11     | Found a staircase to the Orcish Mines.
 19416 | Orc:1    | Entered Level 1 of the Orcish Mines
 20052 | Orc:2    | Entered Level 2 of the Orcish Mines
 20064 | Orc:2    | Noticed Donald
 20458 | Orc:2    | Found a burning altar of Makhleb.
 20512 | Orc:2    | Mangled by Donald

Skill      XL: |  1  2  3  4  5  6  7  8  9 10 11 12 13 |
---------------+----------------------------------------+-----
Unarmed Combat | 1 2 3 4 5 7 8 10 12 13 14 15 | 15.5
Fighting       | 3 4 5 7 8 |  8.0
Dodging        | 2 3 5 6 8 |  8.0
Invocations    | 1 6 |  6.2
Throwing       | 4 6 |  6.3
Spellcasting   | |  1.0
Hexes          | |  2.0

Action                   |  1- 3 |  4- 6 |  7- 9 | 10-12 | 13-15 || total
-------------------------+-------+-------+-------+-------+-------++-------
Melee: Unarmed           |   154 |   175 |   309 |   667 |   257 ||  1562
       Punch             |     1 |     2 |    13 |    40 |    19 ||    75
Throw: Large rock        |       |       |       |     3 |       ||     3
Invok: Heroism           |       |       |       |     4 |     1 ||     5
       Finesse           |       |       |       |     3 |     1 ||     4
  Use: Scroll            |     5 |     3 |     3 |    10 |       ||    21
       Potion            |       |       |       |     4 |     2 ||     6
 Stab: Sleeping          |     1 |       |     1 |    14 |    11 ||    27
       Confused          |       |     1 |       |       |       ||     1
       Distracted        |       |       |       |     2 |     3 ||     5
  Eat: Chunk             |    19 |    16 |    48 |    83 |    36 ||   202
Armor: Robe              |    59 |    34 |    43 |    90 |    28 ||   254
       Skin              |       |       |       |     2 |       ||     2
Dodge: Dodged            |    74 |    47 |    89 |   270 |   103 ||   583
       Deflected         |       |       |     7 |     4 |     4 ||    15
